 Dungeon Crawl Stone Soup version 0.30-a0-137-gd8773701ce (webtiles) character file.

Game seed: 13211871294221789877

18687 freelancePsychic the Fighter (level 12, -7/100 HPs)
             Began as a Demonspawn Delver on Sept 22, 2022.
             Was a High Priest of Okawaru.
             Mangled by a tyrant leech (25 damage)
             ... on level 1 of the Lair of Beasts.
             The game lasted 00:26:53 (19403 turns).

freelancePsychic the Fighter (Demonspawn Delver)   Turns: 19403, Time: 00:26:54

Health: -7/100     AC: 18    Str: 16    XL:     12   Next: 29%
Magic:  15/17      EV: 14    Int: 12    God:    Okawaru [*****.]
Gold:   788        SH:  0    Dex: 16    Spells: 11/11 levels left

rFire   . . .      SeeInvis .    a - +0 demon whip (venom)
rCold   . . .      Faith    .    (no shield)
rNeg    . . .      Spirit   .    D - +1 ring mail {rPois}
rPois   +          Reflect  .    (helmet restricted)
rElec   .          Harm     .    (no cloak)
rCorr   .          Rampage  .    o - +2 pair of gloves
Will    .....                    k - +2 pair of boots
Stlth   ++++......               (no amulet)
HPRegen 0.26/turn                (no ring)
MPRegen 0.15/turn                (no ring)

@: heroic, marked
A: horns 1, slimy green scales 2, demonic magic 2
a: Renounce Religion, Heroism, Finesse, Duel


You were on level 1 of the Lair of Beasts.
You worshipped Okawaru.
Okawaru was extremely pleased with you.
You visited 4 branches of the dungeon, and saw 15 of its levels.

You collected 909 gold pieces.
You spent 121 gold pieces at shops.

Inventory:

Hand Weapons
 a - a +0 demon whip of venom (weapon)
 b - a +1 war axe of venom
 J - a +3 battleaxe of freezing
Missiles
 y - 8 javelins (quivered)
 B - a poisoned dart
Armour
 h - the +0 hat of the Prince of Darkness {Fly Str+3}
   (Okawaru gifted it to you on level 1 of the Lair of Beasts)

   Str:       It affects your strength (+3).
   Fly:       It grants you flight.
 k - a +2 pair of boots (worn)
 o - a +2 pair of gloves (worn)
 x - a +0 chain mail
 D - a +1 ring mail of poison resistance (worn)
Jewellery
 d - a ring of wizardry
 m - an amulet of magic regeneration
 n - the ring "Kyfagoemon" {Fire rPois rN+ Will+ Dex-4}
   (You took it off an orc wizard on level 8 of the Dungeon)

   [ring of fire]

   It enhances your fire magic.
   Dex:       It affects your dexterity (-4).
   rF:        It protects you from fire.
   rC:        It makes you vulnerable to cold.
   rPois:     It protects you from poison.
   rN:        It protects you from negative energy.
   Will:      It increases your willpower.
 u - a ring of ice
Wands
 g - a wand of digging (10)
 l - a wand of flame (29)
 I - a wand of acid (8)
Scrolls
 c - a scroll of fog
 e - 2 scrolls of noise
 r - 7 scrolls of magic mapping
 C - a scroll of amnesia
 E - a scroll of summoning
 K - a scroll of teleportation {@r4}
 M - 2 scrolls of torment
 O - a scroll of enchant weapon
Potions
 f - 3 potions of might
 i - a potion of curing {@q1}
 j - 3 potions of flight
 p - 3 potions of ambrosia
 q - 8 potions of attraction
 s - 2 potions of magic
 w - 4 potions of brilliance
 A - 2 potions of degeneration
 F - 2 potions of lignification {unknown}


   Skills:
 + Level 11.1(16.1) Fighting
 - Level 10.9(17.1) Axes
 * Level 8.6(16.1) Maces & Flails
 - Level 4.0(9.0) Throwing
 - Level 4.6(9.6) Armour
 - Level 1.7(6.7) Dodging
 - Level 4.5(9.5) Stealth
 - Level 7.6 Invocations


You had 11 spell levels left.
You didn't know any spells.
Your spell library contained the following spells:

 Spells                   Type           Power      Damage    Failure   Level
 Beastly Appendage        Tmut           0%         N/A       50%         1
 Magic Dart               Conj           0%         1d3       50%         1
 Blink                    Tloc           0%         N/A       63%         2
 Static Discharge         Conj/Air       0%         2-2/arc   63%         2
 Wereblood                Tmut           0%         N/A       63%         2
 Mephitic Cloud           Conj/Pois/Air  0%         N/A       86%         3
 Spider Form              Tmut/Pois      0%         N/A       86%         3
 Cause Fear               Hex            0%         N/A       99%         4
 Dispel Undead            Necr           0%         3d6       99%         4
 Iskenderun's Mystic Bla  Conj/Tloc      0%         2d3       99%         4
 Passage of Golubria      Tloc           0%         N/A       99%         4
 Sticky Flame             Conj/Fire      0%         2d3       99%         4
 Dispersal                Tloc           0%         N/A       100%        6
 Dragon Form              Tmut           0%         N/A       100%        7
 Call Imp                 Summ           Unusable   N/A       N/A         2
 Dragon's Call            Summ           Unusable   N/A       N/A         9

Dungeon Overview and Level Annotations

Branches:
Dungeon (11/15)            Temple (1/1) D:5            Lair (1/5) D:11
    Orc (2/2) D:9
    Elf: Orc:2

Altars:
Ashenzari
Cheibriados
Dithmenos
Fedhas
Gozag
Hepliaklqana
Kikubaaqudgha
Makhleb
Nemelex Xobeh
Okawaru
Qazlal
Ru
Sif Muna
Trog
Uskayaw
Vehumet
Wu Jian
Xom
Yredelemnul

Shops:
D:5 [   D:11 *

Portals:
Trove: D:11 (give 13 scrolls of teleportation)

Annotations:
D:10 exclusion: statue


Innate Abilities, Weirdness & Mutations

You have a pair of small horns on your head.
You are mostly covered in slimy green scales. (AC +3)
Spells you cast may paralyse nearby enemies.


Message History

You see here the +0 hat of the Prince of Darkness {Fly Str+3}.
The blink frog hits you but does no damage.
h - the +0 hat of the Prince of Darkness {Fly Str+3} The blink frog barely misses you.
The blink frog blinks!
The blink frog hits you!
The blink frog blinks!
The blink frog blinks!
The blink frog barely misses you.
The blink frog attacks as you move away!
The blink frog hits you.
The blink frog attacks as you move away!
The blink frog hits you!
* * * LOW HITPOINT WARNING * * *
You kill the blink frog!
Okawaru accepts your kill. The blink frog barely misses you.
The blink frog blinks!
The blink frog blinks! x2
You see here a water moccasin corpse.
Things that are here:
a yak corpse; a yak corpse You gain the combat prowess of a mighty hero.
You hit the tyrant leech but do no damage.
The tyrant leech is poisoned.
A bullfrog comes into view.
The tyrant leech closely misses you.
You barely miss the tyrant leech.
You punch the tyrant leech, but do no damage.
You closely miss the tyrant leech. Your punch misses the tyrant leech.
The tyrant leech is lightly wounded.
The tyrant leech bites you!
* * * LOW HITPOINT WARNING * * *
The tyrant leech draws strength from your injuries!
You whack the tyrant leech! Your headbutt misses the tyrant leech.
The tyrant leech is lightly wounded.
You hit the tyrant leech.
The tyrant leech looks as sick as possible!
Your headbutt misses the tyrant leech.
The tyrant leech is moderately wounded.
The blink frog blinks!
Okay, then.
You feel better. The tyrant leech bites you!!
You die...

#.............
####............~
................~
................~
.........F......~
##.##..........~ ##
#####............
#.##P.###F..P.###.P#
##......@wF.[..... ..
#......###....$.... #
##.....# #..P......
##..### #..#...... ####.##
#......... ###
##..#.[####...#.....
..#####.............##+##.
................./...
....................


You could see a tyrant leech (extremely poisoned), 2 blink frogs and a bullfrog.

Vanquished Creatures
  An ettin (Orc:2)
  A boulder beetle (D:11)
  4 two-headed ogres (Orc:2)
  Amaemon (D:9)
  Pikel (D:4)
  A cyclops (Orc:2)
  An orange demon (D:9)
  Maggie (D:7)
  A komodo dragon (D:10)
  8 trolls
  A hornet (Lair:1)
  A blink frog (Lair:1)
  3 shadows
  2 vampires (D:11)
  5 wyverns
  2 wraiths (D:11)
  14 yaks
  A steam dragon (D:8)
  An acid dragon (D:11)
  A warg (Orc:1)
  A water moccasin (Lair:1)
  2 swamp worms (Lair:1)
  A two-headed ogre zombie (D:9)
  3 black bears
  A sky beast (D:7)
  9 orc warriors
  3 ice beasts
  9 ogres (Orc:2)
  3 phantoms
  2 centaurs
  2 kobold brigands
  4 lemures (D:4)
  2 elf zombies (D:4)
  8 bullfrogs
  A necrophage (D:5)
  2 scorpions
  2 elf skeletons (D:4)
  10 wights
  2 troll zombies (D:9)
  14 killer bees
  4 howler monkeys
  A hound (D:6)
  3 jellies
  6 orc priests
  A human skeleton (D:4)
  Natasha (thrice) (D:3)
  Terence (D:3)
  2 iguanas
  11 orc wizards
  5 ogre zombies (D:9)
  A mummy (D:5)
  12 gnolls
  10 adders
  3 river rats (D:5)
  A white imp (D:6)
  An ufetubus (D:5)
  4 worms
  4 dart slugs
  49 orcs
  8 ball pythons
  6 bats
  14 endoplasms
  4 giant cockroaches
  5 goblins
  3 hobgoblins
  16 kobolds
  2 quokkas (D:1)
  4 frilled lizards
  2 goblin skeletons (D:9)
  4 goblin zombies (D:9)
  A hobgoblin skeleton (D:9)
  A hobgoblin zombie (D:9)
  4 orc skeletons (D:9)
  14 orc zombies
  8 rats
350 creatures vanquished.

Vanquished Creatures (others)
  10 fungi
  37 plants
47 creatures vanquished.

Grand Total: 397 creatures vanquished

Notes
Turn   | Place    | Note
-------+----------+-------------------------------------------
     0 | D:5      | freelancePsychic the Demonspawn Delver began the quest for
                  | the Orb.
     0 | D:5      | Reached XP level 1. HP: 18/18 MP: 1/1
     6 | D:5      | Found a staircase to the Ecumenical Temple.
    13 | Temple   | Entered the Ecumenical Temple
   112 | Temple   | Became a worshipper of Warmaster Okawaru
   169 | D:5      | Noticed an ogre
   200 | D:5      | Noticed an iguana
   975 | D:2      | Reached skill level 1 in Invocations
  1143 | D:2      | Gained mutation: You are partially covered in slimy green
                  | scales. (AC +2) [demonic ancestry]
  1143 | D:2      | Reached XP level 2. HP: 24/24 MP: 2/2
  1469 | D:2      | Gained mutation: You have a pair of small horns on your
                  | head. [demonic ancestry]
  1469 | D:2      | Reached XP level 3. HP: 29/29 MP: 4/4
  2509 | D:1      | Found a faded altar of an unknown god.
  2652 | D:1      | Reached XP level 4. HP: 36/36 MP: 5/5
  2815 | D:2      | Found a hide-covered altar of Uskayaw.
  3944 | D:3      | Noticed Terence
  4048 | D:3      | Found a broken altar of Ashenzari.
  4257 | D:3      | Got Totouwur's Omnibus of Elsewhere
  4265 | D:3      | Noticed Natasha
  4272 | D:3      | Killed Natasha
  4273 | D:3      | Reached skill level 4 in Fighting
  4273 | D:3      | Gained mutation: You are mostly covered in slimy green
                  | scales. (AC +3) [demonic ancestry]
  4273 | D:3      | Reached XP level 5. HP: 33/42 MP: 7/7
  4372 | D:3      | Found a burning altar of Makhleb.
  4409 | D:3      | Noticed Natasha
  4417 | D:3      | Killed Natasha
  4432 | D:3      | Killed Terence
  4675 | D:3      | Noticed Natasha
  4692 | D:3      | Killed Natasha
  5622 | D:4      | Reached XP level 6. HP: 43/49 MP: 8/8
  5679 | D:4      | Noticed Pikel
  5952 | D:5      | Reached * piety under Okawaru
  6257 | D:5      | Noticed an orc warrior
  6680 | D:4      | Killed Pikel
  6680 | D:4      | Reached ** piety under Okawaru
  6681 | D:4      | Reached skill level 5 in Fighting
  6681 | D:4      | Reached skill level 5 in Axes
  6681 | D:4      | Reached XP level 7. HP: 52/56 MP: 9/9
  6785 | D:4      | Reached XP level 8. HP: 61/63 MP: 10/10
  7205 | D:5      | Found a snail-covered altar of Cheibriados.
  7386 | D:5      | Reached skill level 6 in Fighting
  7489 | D:5      | Reached *** piety under Okawaru
  7763 | D:5      | Found Ecwios's Antique Armour Shoppe.
  7766 | D:5      | Bought a pair of gloves for 121 gold pieces
  8479 | D:6      | Reached skill level 1 in Armour
  8479 | D:6      | Reached XP level 9. HP: 64/71 MP: 11/11
  8692 | D:6      | Found a hazy altar of Hepliaklqana.
  8936 | D:7      | Reached skill level 7 in Fighting
  9022 | D:7      | Reached **** piety under Okawaru
  9180 | D:7      | Noticed Maggie
  9191 | D:7      | Killed Maggie
  9543 | D:7      | Found a basalt altar of Yredelemnul.
 10130 | D:8      | Gained mutation: Spells you cast may paralyse adjacent
                  | enemies. [demonic ancestry]
 10130 | D:8      | Reached XP level 10. HP: 65/80 MP: 12/12
 10135 | D:8      | Reached ***** piety under Okawaru
 10136 | D:8      | Reached skill level 8 in Fighting
 10150 | D:8      | Reached skill level 10 in Axes
 10421 | D:8      | Identified the ring "Kyfagoemon" {Fire rPois rN+ Will+
                  | Dex-4}
 11414 | D:9      | Received a gift from Okawaru
 11810 | D:9      | Found a staircase to the Orcish Mines.
 11842 | D:9      | Reached skill level 5 in Invocations
 12187 | D:9      | Noticed Amaemon
 12191 | D:9      | Noticed an orange demon
 12206 | D:9      | Killed Amaemon
 12206 | D:9      | Received a gift from Okawaru
 12207 | D:9      | Reached skill level 9 in Fighting
 12207 | D:9      | Reached skill level 1 in Maces & Flails
 12213 | D:9      | Killed an orange demon
 12612 | D:9      | Found a shimmering altar of Xom.
 12614 | D:9      | Found an opulent altar of Gozag.
 12693 | D:9      | Reached XP level 11. HP: 87/89 MP: 15/15
 13299 | D:10     | Entered Level 10 of the Dungeon
 13299 | D:10     | Found a sacrificial altar of Ru.
 14328 | D:10     | Found a radiant altar of Vehumet.
 14423 | D:11     | Found a portal to a secret trove of treasure.
 15115 | D:11     | Found a staircase to the Lair.
 15179 | D:11     | Noticed a boulder beetle
 15201 | D:11     | Killed a boulder beetle
 15616 | D:11     | Reached skill level 5 in Maces & Flails
 15649 | D:11     | Found Giedgh's Assorted Antiques.
 16314 | Orc:1    | Entered Level 1 of the Orcish Mines
 16451 | Orc:1    | Reached skill level 10 in Fighting
 16976 | Orc:2    | Entered Level 2 of the Orcish Mines
 17181 | Orc:2    | Noticed a two-headed ogre
 17203 | Orc:2    | Killed a two-headed ogre
 17434 | Orc:2    | Noticed a two-headed ogre
 17442 | Orc:2    | Killed a two-headed ogre
 17455 | Orc:2    | Noticed a two-headed ogre
 17474 | Orc:2    | Killed a two-headed ogre
 17835 | Orc:2    | Gained mutation: Spells you cast may paralyse nearby
                  | enemies. [demonic ancestry]
 17835 | Orc:2    | Reached XP level 12. HP: 57/99 MP: 17/17
 18002 | Orc:2    | Noticed an ettin
 18022 | Orc:2    | Killed an ettin
 18473 | Orc:2    | Noticed a two-headed ogre
 18487 | Orc:2    | Killed a two-headed ogre
 18487 | Orc:2    | Received a gift from Okawaru
 18702 | Orc:2    | Noticed a two-headed ogre
 18710 | Orc:2    | Noticed a two-headed ogre
 19068 | D:11     | Reached skill level 11 in Fighting
 19164 | Lair:1   | Entered Level 1 of the Lair of Beasts
 19389 | Lair:1   | Identified the +0 hat of the Prince of Darkness {Fly Str+3}
                  | (Okawaru gifted it to you on level 1 of the Lair of Beasts)
 19389 | Lair:1   | Received a gift from Okawaru
 19403 | Lair:1   | Mangled by a tyrant leech

Illustrated notes

Levels and vault maps discovered:
D:1:      nicolae_arrival_somewhat_less_tricky_arrival, layout_basic,
          shapermc_ecumenical_altar_mp_vishouse
D:2:      layout_basic, basic_altar, lemuel_flame_loot_1
D:3:      layout_rooms, mainiacjoe_overflow_cross_hatched,
          lemuel_coloured_pillars_altar, serial_aquarium, aquarium_bridge_square
          [aquarium_subvault_window, aquarium_subvault_wall,
          aquarium_subvault_wall, aquarium_subvault_bridge],
          aquarium_window_corridor_1, aquarium_window_1, aquarium_window_2,
          aquarium_view_2f, aquarium_view_2d, uniq_natasha, uniq_terence
D:4:      layout_gridville, tso_metal_star, nicolae_ossuary_entry_catacombs,
          uniq_pikel
D:5:      layout_basic, slow_altar_1, minmay_temple_entry_overgrown,
          portal_sewer_entry_e, serial_shops, kennysheep_mini_moat,
          serial_bayou_crossing
D:6:      layout_rooms, mainiacjoe_overflow_alcove_1
D:7:      layout_rooms, mainiacjoe_overflow_alcove_4,
          wad_floor_pattern_untrapped, uniq_maggie
D:8:      layout_basic
D:9:      layout_roguey, minitemple, zombieorc2_lemuel, uniq_amaemon
D:10:     layout_long_grid, mainiacjoe_overflow_chevrons, vehumet_statue
D:11:     layout_stronghold, grunt_lair_entry_orc_guard_hut,
          nicolae_trove_entry_crossroad, serial_shops, shop
Temple:   compressed_dpeg_circular_temple
Lair:1:   minmay_lair_venomous_thicket, layout_regular_city,
          gammafunk_ghost_ooze, worms_lemuel
Orc:1:    layout_caves
Orc:2:    st_orc_open, layout_diamond_mine, uniq_josephine

Skill      XL: |  1  2  3  4  5  6  7  8  9 10 11 12 |
---------------+-------------------------------------+-----
Axes           | 2 3 4 5 6 7 9 10 | 10.9
Invocations    | 1 2 3 5 7 |  7.6
Fighting       | 4 5 6 7 9 10 11 | 11.1
Throwing       | 2 4 |  4.0
Armour         | 1 3 4 |  4.6
Maces & Flails | 2 7 8 |  8.6
Dodging        | |  1.7
Stealth        | |  4.5

Action                   |  1- 3 |  4- 6 |  7- 9 | 10-12 || total
-------------------------+-------+-------+-------+-------++-------
Melee: Hand axe          |    62 |       |       |       ||    62
       Punch             |     3 |     1 |     5 |    12 ||    21
       War axe           |    50 |   193 |   324 |   189 ||   756
       Headbutt          |     7 |    39 |    81 |   151 ||   278
       Demon whip        |       |       |       |   463 ||   463
Throw: Javelin           |       |     3 |     2 |    12 ||    17
       Dart              |       |       |       |    16 ||    16
       Boomerang         |       |       |       |    14 ||    14
Invok: Heroism           |       |     1 |     4 |    14 ||    19
       Finesse           |       |       |       |     1 ||     1
Evoke: Wand              |       |       |       |     6 ||     6
  Use: Scroll            |     4 |    11 |     6 |    13 ||    34
       Potion            |     1 |     3 |       |     4 ||     8
 Stab: Sleeping          |    15 |     5 |       |     1 ||    21
Armor: Leather armour    |    37 |    31 |       |       ||    68
       Chain mail        |       |    93 |   156 |       ||   249
       Ring mail         |       |       |    31 |   244 ||   275
Dodge: Dodged            |    63 |    91 |   137 |   374 ||   665

Table legend: (Time is in decaauts)
 A = Elapsed time spent in this place.
 B = Non-inter-level travel time spent in this place.
 C = Inter-level travel time spent in this place.
 D = Time resting spent in this place.
 E = Time spent auto-exploring this place.
 F = Levels seen in this place.
 G = Mean time per level.
                   A        B        C        D        E       F      G
               +--------+--------+--------+--------+--------+-----+--------+
         Total |  19317 |  18794 |    523 |   3529 |  12157 |  15 | 1287.8 |
       Dungeon |  16953 |  16479 |    474 |   2386 |  11474 |  11 | 1541.2 |
        Temple |    126 |    100 |     26 |      0 |      0 |   1 |  126.0 |
          Lair |    212 |    212 |      0 |      0 |    142 |   1 |  212.0 |
  Orcish Mines |   2025 |   2003 |     22 |   1143 |    541 |   2 | 1012.5 |
               +--------+--------+--------+--------+--------+-----+--------+

Top non-repeatable levels by time:
     D:2: 2260 daAuts
     D:9: 2221 daAuts
    D:11: 2217 daAuts
     D:5: 1818 daAuts
     D:8: 1687 daAuts
     D:4: 1544 daAuts
   Orc:1: 1485 daAuts
    D:10: 1158 daAuts
     D:3: 1149 daAuts
     D:1: 1087 daAuts
     D:7: 929 daAuts
     D:6: 879 daAuts
   Orc:2: 539 daAuts
  Lair:1: 212 daAuts
  Temple: 126 daAuts
